 Dungeon Crawl Stone Soup version 0.30-a0-170-g85af917532 (webtiles) character file.

Game seed: 4096878012384389546

364 NinjaNoafa the Ruffian (level 6, -13/59 HPs)
             Began as a Troll Fighter on Sept 29, 2022.
             Was a Follower of Kikubaaqudgha.
             Mangled by Blork the orc
             ... wielding a +0 battleaxe
              (17 damage)
             ... in the Ecumenical Temple on Sept 30, 2022.
             The game lasted 00:09:56 (2704 turns).

NinjaNoafa the Ruffian (Troll Fighter)              Turns: 2704, Time: 00:09:57

Health: -13/59     AC:  4    Str: 21 (25) XL:     6   Next: 39%
Magic:  2/5        EV:  9    Int:  3 (4)  God:    Kikubaaqudgha [*.....]
Gold:   1132       SH:  8    Dex: 14 (17) Spells: 5/5 levels left

rFire   . . .      SeeInvis .      - Unarmed
rCold   . . .      Faith    .    b - +0 kite shield
rNeg    . . .      Spirit   .    a - +0 robe
rPois   .          Reflect  .    (helmet restricted)
rElec   .          Harm     .    (no cloak)
rCorr   .          Rampage  .    (gloves unavailable)
Will    .....                    (boots unavailable)
Stlth   +.........               (no amulet)
HPRegen 0.99/turn                n - +6 ring of dexterity
MPRegen 0.09/turn                (no ring)

@: mighty, attractive, studying Shields
A: large, unfitting armour, claws 3, regeneration 1, shaggy fur 1, tough skin 1,
deterioration 1
a: Renounce Religion, Unearth Wretches


You were in the Ecumenical Temple.
You worshipped Kikubaaqudgha.
Kikubaaqudgha was aware of your devotion.
You visited 2 branches of the dungeon, and saw 5 of its levels.

You collected 1132 gold pieces.

Inventory:

Missiles
 g - 28 stones (quivered)
 h - 3 javelins
Armour
 a - a +0 robe (worn)
 b - a +0 kite shield (worn)
Jewellery
 n - a +6 ring of dexterity (left claw)
 u - a ring of ice
Scrolls
 e - a scroll of blinking
 i - a scroll of butterflies
 k - a scroll of teleportation
 p - 2 scrolls of noise
Potions
 c - a potion of might
 f - 2 potions of attraction
 j - 2 potions of haste {unknown}
 l - a potion of invisibility {unknown}
 m - 2 potions of curing
 q - 2 potions of degeneration
 r - 2 potions of magic {unknown}
 s - a potion of heal wounds {unknown}


   Skills:
 + Level 2.4 Fighting
 - Level 2.4 Dodging
 - Level 2.6 Shields
 + Level 6.9 Unarmed Combat


You had 5 spell levels left.
You didn't know any spells.
Your spell library contained the following spells:

 Spells                   Type           Power      Damage    Failure   Level
 Kiss of Death            Conj/Necr      0%         2d5       83%         1
 Necrotise                Necr           0%         1d4       83%         1
 Ensorcelled Hibernation  Hex/Ice        0%         N/A       92%         2
 Passwall                 Tmut/Erth      0%         N/A       92%         2
 Portal Projectile        Hex/Tloc       0%         N/A       99%         3
 Swiftness                Air            0%         N/A       99%         3
 Tukima's Dance           Hex            0%         N/A       99%         3
 Vampiric Draining        Necr           0%         2d6       99%         3
 Animate Dead             Necr           0%         N/A       100%        4
 Blade Hands              Tmut           0%         N/A       100%        5


Dungeon Overview and Level Annotations

Branches:
Dungeon (4/15)             Temple (1/1) D:4

Altars:
Cheibriados
Dithmenos
Gozag
Kikubaaqudgha
Makhleb
Uskayaw
Vehumet
Xom
Zin
The Shining One

Annotations:
Temple Blork the orc


Innate Abilities, Weirdness & Mutations

You are too large for most types of armour.
You have claws for hands.
Your natural rate of healing is unusually fast.
You are covered in fur. (AC +1)
You have tough skin. (AC +1)
Your body sometimes deteriorates upon taking damage.


Message History

Blork the orc is attracted toward you. The bullfrog is attracted toward you.
The orc is attracted toward you.
A nearby water moccasin perishes wretchedly.
Blork the orc closely misses you.
It was a potion of mutation.
You feel extremely strange.
You feel yourself wasting away.
A nearby bullfrog perishes wretchedly.
Blork the orc points at you and mumbles some strange words.
You block the puff of frost.
Okay, then.
You feel very mighty all of a sudden. Blork the orc barely misses you.
The orc hits you with a +0 club. You block the orc's attack.
Blork the orc gestures at you while chanting.
The puff of frost hits you!
* * * LOW HITPOINT WARNING * * *
You claw the orc!
You kill the orc!
Kikubaaqudgha accepts your kill.
Blork the orc hits you with a +0 battleaxe.
* * * LOW HITPOINT WARNING * * *
Your body deteriorates!
You feel weakened. You block the orc's attack.
Blork the orc grins evilly.
Blork the orc closely misses you.
You scratch Blork the orc.
Blork the orc is severely wounded.
You block the orc's attack. The kobold hits you but does no damage.
You block Blork the orc's attack.
You barely miss Blork the orc.
Blork the orc is severely wounded.
Blork the orc screams, "I'll make a cloak from your skin!"
Blork the orc hits you with a +0 battleaxe.
* * * LOW HITPOINT WARNING * * *
The orc hits you but does no damage.
The kobold hits you with a +0 short sword.
* * * LOW HITPOINT WARNING * * *
Blork the orc hits you with a +0 battleaxe!
You die...
Kikubaaqudgha rasps: "You have failed me!
Welcome... death!"

#......≈≈≈≈≈≈≈≈≈≈≈......#
##.....≈≈≈≈≈≈≈≈≈≈≈≈≈.....##
#......≈≈≈≈≈≈≈≈≈≈≈≈≈......#
#......≈≈≈≈≈≈≈≈≈≈≈≈≈......#
##..8..≈≈≈≈≈.....≈≈≈≈≈..8..##
#......≈≈...........≈≈......#
#............._.............#
##...............K...........##
#........8......@o..†8....§...#
#..............#.o.......§....#
#.._........#######......§.<[.#
#........#### ####......†.#
#.....#### ####.....# #######
#######


You could see Blork the orc (fast), an orc and a kobold.

Vanquished Creatures
  The ghost of Sobieck the Cutter, an amateur KoGl (D:3)
  A necrophage (D:3)
  An orc priest (D:3)
  2 orc wizards (D:3)
  A gnoll (D:1)
  5 adders
  4 worms
  3 dart slugs
  8 orcs
  4 ball pythons
  9 endoplasms
  4 giant cockroaches
  4 goblins
  3 hobgoblins
  3 jackals (D:2)
  7 kobolds
  5 quokkas
  3 bats
  4 frilled lizards
  12 rats
84 creatures vanquished.

Vanquished Creatures (others)
  A water moccasin (Temple)
  A bullfrog (Temple)
2 creatures vanquished.

Grand Total: 86 creatures vanquished

Notes
Turn   | Place    | Note
-------+----------+-------------------------------------------
     0 | D:1      | NinjaNoafa the Troll Fighter began the quest for the Orb.
     0 | D:1      | Reached XP level 1. HP: 22/22 MP: 0/0
   158 | D:1      | Reached XP level 2. HP: 29/29 MP: 1/1
   254 | D:1      | Reached skill level 3 in Unarmed Combat
   363 | D:1      | Reached XP level 3. HP: 36/36 MP: 2/2
   905 | D:2      | Reached skill level 4 in Unarmed Combat
  1267 | D:2      | Reached XP level 4. HP: 44/44 MP: 3/3
  1370 | D:2      | Found a faded altar of an unknown god.
  1384 | D:2      | Upgraded the game from 0.30-a0-168-g0b976cbdc4 to
                  | 0.30-a0-170-g85af917532
  1589 | D:2      | Prayed at the altar of an unknown god.
  1589 | D:2      | Became a worshipper of Kikubaaqudgha
  1589 | D:2      | Reached * piety under Kikubaaqudgha
  1589 | D:2      | Received a gift from Kikubaaqudgha
  1647 | D:3      | Noticed a necrophage
  1662 | D:3      | Killed a necrophage
  1663 | D:3      | Reached skill level 5 in Unarmed Combat
  1663 | D:3      | Reached XP level 5. HP: 30/50 MP: 4/4
  1859 | D:3      | Found a large runed translucent door.
  1859 | D:3      | Found a large runed translucent door.
  1863 | D:3      | Noticed Sobieck's ghost (amateur KoGl)
  1886 | D:3      | Identified the +5 flail "Ugeurphad" {spect, rF++ Dex-4
                  | SInv}
  1954 | D:3      | Reached skill level 6 in Unarmed Combat
  2087 | D:3      | Reached ** piety under Kikubaaqudgha
  2097 | D:3      | Reached XP level 6. HP: 53/59 MP: 3/5
  2125 | D:3      | Found a faded altar of an unknown god.
  2133 | D:3      | Found a snail-covered altar of Cheibriados.
  2190 | D:3      | Found an opulent altar of Gozag.
  2320 | D:3      | Killed Sobieck's ghost
  2412 | D:4      | Noticed Blork the orc
  2448 | D:4      | Identified 2 scrolls of acquirement
  2474 | D:4      | Found a staircase to the Ecumenical Temple.
  2503 | Temple   | Entered the Ecumenical Temple
  2669 | Temple   | Acquired a manual of Shields
  2671 | Temple   | Acquired 997 gold pieces
  2700 | Temple   | Gained mutation: Your body sometimes deteriorates upon
                  | taking damage. [potion of mutation]
  2704 | Temple   | Mangled by Blork the orc

Illustrated notes

Levels and vault maps discovered:
D:1:      dpeg_arrival_stonehenge_8_columns, layout_basic,
          minmay_misc_feat_diagonals
D:2:      wander_river, layout_loops_ring, nicolae_ecumenical_oubliette
D:3:      layout_rooms, nicolae_overflow_ecumenical_swirl,
          nicolae_gozag_seed_capital, ebering_ghost_disaster_area,
          nrook_mini_vaults, mrwooster_statue_mirror, minmay_misc_feat_cross,
          st_stairs_12
D:4:      layout_rooms, lemuel_doored_altar, minmay_temple_entry_offerings,
          minmay_pentangle, uniq_blork_the_orc
Temple:   nicolae_temple_superstar

Skill      XL: |  1  2  3  4  5 |
---------------+----------------+-----
Unarmed Combat | 3 4 5 6 |  6.9
Fighting       | |  2.4
Dodging        | |  2.4
Shields        | |  2.6

Action                   |  1- 3 |  4- 6 || total
-------------------------+-------+-------++-------
Melee: Unarmed           |    84 |   136 ||   220
Throw: Javelin           |    13 |     5 ||    18
       Stone             |     1 |       ||     1
Invok: Unearth Wretches  |       |     1 ||     1
  Use: Scroll            |       |     9 ||     9
       Potion            |       |     6 ||     6
 Stab: Sleeping          |       |     5 ||     5
Armor: Robe              |    26 |    44 ||    70
Dodge: Dodged            |    35 |    68 ||   103
Block: Kite shield       |    40 |    86 ||   126

Table legend: (Time is in decaauts)
 A = Elapsed time spent in this place.
 B = Non-inter-level travel time spent in this place.
 C = Inter-level travel time spent in this place.
 D = Time resting spent in this place.
 E = Time spent auto-exploring this place.
 F = Levels seen in this place.
 G = Mean time per level.
                   A        B        C        D        E       F      G
               +--------+--------+--------+--------+--------+-----+--------+
         Total |   2752 |   2601 |    151 |      0 |   1812 |   5 |  550.4 |
       Dungeon |   2553 |   2410 |    143 |      0 |   1681 |   4 |  638.2 |
        Temple |    199 |    191 |      8 |      0 |    131 |   1 |  199.0 |
               +--------+--------+--------+--------+--------+-----+--------+

Top non-repeatable levels by time:
     D:1: 856 daAuts
     D:2: 795 daAuts
     D:3: 761 daAuts
  Temple: 199 daAuts
     D:4: 139 daAuts
